 Dungeon Crawl Stone Soup version 0.30-a0-1114-gd936c97349 (console) character file.

Game seed: 10093025074474713875

1685 petzl the Thaumaturge (level 9, -8/64 HPs)
             Began as a Formicid Delver on Apr 20, 2023.
             Was an Initiate of Vehumet.
             Mangled by a two-headed ogre
             ... wielding a +0 giant club
              (15 damage)
             ... on level 10 of the Dungeon on Apr 21, 2023.
             The game lasted 00:47:31 (7756 turns).

petzl the Thaumaturge (Formicid Delver)             Turns: 7756, Time: 00:47:32

Health: -8/64      AC: 12    Str: 17    XL:     9   Next: 22%
Magic:  6/23       EV: 11    Int: 14    God:    Vehumet [......]
Gold:   71         SH:  0    Dex: 15    Spells: 24/28 levels left

rFire   . . .      SeeInvis +    a - +2 short sword (venom)
rCold   . . .      Faith    .    (no shield)
rNeg    . . .      Spirit   .    n - +0 ring mail
rPois   .          Reflect  .    (helmet unavailable)
rElec   .          Rampage  .    B - +0 cloak
rCorr   .                        g - +0 pair of gloves
Will    .....                    p - +0 pair of boots
Stlth   +++                      (no amulet)
HPRegen 0.30/turn                H - +4 ring of protection
MPRegen 0.18/turn                K - +4 ring of slaying

@: very slightly contaminated
A: permanent stasis, dig shafts and tunnels, antennae 3, four strong arms
a: Dig, Shaft Self, Renounce Religion


You were on level 10 of the Dungeon.
You worshipped Vehumet.
Vehumet was noncommittal.
You visited 2 branches of the dungeon, and saw 12 of its levels.

You collected 572 gold pieces.
You spent 501 gold pieces at shops.

Inventory:

Hand Weapons
 a - a +2 short sword of venom (weapon)
 b - a +1 shortbow of flaming
 c - a +0 heavy long sword
 C - a +1 vampiric whip
 F - a +0 sling
Missiles
 u - 4 poisoned darts
 D - 2 throwing nets
Armour
 g - a +0 pair of gloves (worn)
 n - a +0 ring mail (worn)
 p - a +0 pair of boots (worn)
 z - a +1 pair of boots
 B - a +0 cloak (worn)
Jewellery
 h - a ring of magical power
 s - a +6 ring of strength
 y - a ring of fire
 A - a ring of protection from fire
 H - a +4 ring of protection (left hand)
 K - a +4 ring of slaying (right hand)
Wands
 f - a wand of digging (3)
 x - a wand of paralysis (2)
Scrolls
 d - a scroll of magic mapping
 e - 3 scrolls of vulnerability
 k - a scroll of amnesia
 o - 2 scrolls of poison
 r - 2 scrolls of enchant armour
 t - a scroll of torment
 w - a scroll of identify
 E - a scroll of immolation
 J - a scroll of silence
Potions
 i - 3 potions of invisibility {unknown}
 j - 9 potions of curing
 l - a potion of haste {unknown}
 m - 2 potions of flight {unknown}
 q - 3 potions of brilliance {unknown}
 v - 2 potions of mutation {unknown}
 G - a potion of might {unknown}
 I - a potion of berserk rage {unknown}


   Skills:
 - Level 3.2 Fighting
 - Level 2.0 Maces & Flails
 - Level 1.7 Dodging
 - Level 6.0 Stealth
 - Level 10.2 Spellcasting
 * Level 2.5 Conjurations
 + Level 1.4 Air Magic
 + Level 2.5 Poison Magic


You had 24 spell levels left.
You knew the following spells:

 Your Spells              Type           Power      Damage    Failure   Level
a - Magic Dart            Conj           56%        1d5       7%          1
m - Mephitic Cloud        Conj/Pois/Air  13%        N/A       22%         3

Your spell library contained the following spells:

 Spells                   Type           Power      Damage    Failure   Level
 Call Imp                 Summ           14%        N/A       28%         2
 Anguish                  Hex/Necr       3%         N/A       88%         4
 Enfeeble                 Hex            3%         N/A       100%        7


Dungeon Overview and Level Annotations

Branches:
Dungeon (11/15)            Temple (1/1) D:6
   Lair: D:8-11         Orc: D:9-12

Altars:
Cheibriados
Dithmenos
Elyvilon
Fedhas
Gozag
Hepliaklqana
Kikubaaqudgha
Makhleb
Nemelex Xobeh
Qazlal
Ru
Sif Muna
Trog
Uskayaw
Vehumet
Wu Jian
Xom
Yredelemnul
Zin

Shops:
D:3 !   D:5 (*[::?   D:9 :   D:11 *

Annotations:
D:5 exclusions: downstairs and hornet, Dowan
D:6 exclusion: downstairs, Blork the orc
D:8 exclusion: hornet
D:9 exclusion: downstairs
D:10 exclusion: downstairs


Innate Abilities, Weirdness & Mutations

You cannot be hasted, slowed, berserked, paralysed or teleported.
You can dig through walls and to a lower floor.
You have a pair of large antennae on your head. (SInv)
Your four strong arms can wield two-handed weapons with a shield.


Message History

Casting: Mephitic Cloud (dangerous; 22% risk of failure)
Confirm with . or Enter, or press ? or * to list all spells.
Aiming: Mephitic Cloud (dangerous; 22% risk of failure)
Press: ? - help, Shift-Dir - straight line You miscast Mephitic Cloud.
Nothing appears to happen.
The two-headed ogre hits you with a +0 giant club.
The two-headed ogre hits you with a +0 giant club!
Okay, then.
Aiming: Paralyse
Press: ? - help, Shift-Dir - straight line, f - two-headed ogre
Aim: a two-headed ogre, wielding two +0 giant clubs (chance to affect: 31%)
Okay, then.
Casting: Mephitic Cloud (dangerous; 22% risk of failure)
Confirm with . or Enter, or press ? or * to list all spells.
Aiming: Mephitic Cloud (dangerous; 22% risk of failure)
Press: ? - help, Shift-Dir - straight line The ball explodes into a vile cloud!
The stinking cloud engulfs the two-headed ogre but does no damage.
Press: ? - help, v - describe, . - travel
Here: a two-headed ogre, wielding two +0 giant clubs (noxious fumes)
The floor.
Unknown command.
Unknown command.
Casting: Mephitic Cloud (dangerous; 22% risk of failure)
Confirm with . or Enter, or press ? or * to list all spells.
Aiming: Mephitic Cloud (dangerous; 22% risk of failure)
Press: ? - help, Shift-Dir - straight line The ball explodes into a vile cloud!
The stinking cloud engulfs the two-headed ogre but does no damage.
The two-headed ogre is engulfed in noxious fumes.
The two-headed ogre appears confused.
The two-headed ogre is engulfed in noxious fumes.
The two-headed ogre hits you with a +0 giant club! x2
You puncture the two-headed ogre!
The two-headed ogre is lightly wounded.
The two-headed ogre is engulfed in noxious fumes.
The two-headed ogre hits you with a +0 giant club!
* * * LOW HITPOINT WARNING * * *
The two-headed ogre hits you with a +0 giant club!
You die...

#####'####
.##
.........#
.
.........#
#.
.........#
.........#
.........+
..)......#
.........#
.........#
###+######
#######+###
#.........#
#.....○...#
#......>..+
#.....○°°.#
#......O@.#
#[.....°°.#
#.........#
+.....$...#
#.........#
#.........#
##########


You could see a two-headed ogre (confused).

Vanquished Creatures
  Maggie (D:6)
  An acid dragon (D:10)
  A water moccasin (D:7)
  Duvessa (D:5)
  A sky beast (D:6)
  An ice beast (D:6)
  An ogre (D:6)
  A centaur (D:5)
  A bullfrog (D:6)
  2 scorpions
  A crimson imp (D:5)
  3 hounds
  2 jellies (D:6)
  A gnoll bouda (D:5)
  3 iguanas
  3 orc wizards
  3 gnolls (D:5)
  6 adders
  3 worms
  2 dart slugs
  18 orcs
  5 ball pythons
  2 bats
  5 endoplasms
  2 giant cockroaches
  3 goblins
  3 hobgoblins
  5 quokkas
  3 frilled lizards
  9 kobolds
  3 rats
96 creatures vanquished.

Vanquished Creatures (others)
  A human (D:3)
  3 fungi (D:11)
  8 plants (D:11)
12 creatures vanquished.

Grand Total: 108 creatures vanquished

Notes
Turn   | Place    | Note
-------+----------+-------------------------------------------
     0 | D:5      | petzl the Formicid Delver began the quest for the Orb.
     0 | D:5      | Reached XP level 1. HP: 18/18 MP: 1/1
     6 | D:6      | Noticed a scorpion
    37 | D:6      | Noticed Maggie
   220 | D:4      | Reached skill level 1 in Spellcasting
   244 | D:5      | Found Boerhuo's Magic Scroll Emporium.
   257 | D:5      | Found Fuitaom's Antique Weapon Shoppe.
   319 | D:5      | Noticed a hornet
   327 | D:5      | Found Tiab's Book Shop.
   327 | D:5      | Found Mautigul's Book Shop.
   329 | D:5      | Found Guunt's General Store.
   329 | D:5      | Found Kisud's Antique Armour Shop.
   338 | D:5      | Bought a scroll of identify for 22 gold pieces
   562 | D:3      | Reached XP level 2. HP: 24/24 MP: 4/4
   643 | D:3      | Reached skill level 2 in Spellcasting
   772 | D:2      | Reached XP level 3. HP: 28/29 MP: 6/6
  1443 | D:1      | Reached skill level 3 in Spellcasting
  1980 | D:2      | Reached XP level 4. HP: 35/35 MP: 8/8
  2185 | D:2      | Found a glowing silver altar of Zin.
  2570 | D:2      | Found a faded altar of an unknown god.
  2885 | D:3      | Reached skill level 4 in Spellcasting
  2893 | D:3      | You fall into a shaft and drop 1 floor!
  3043 | D:3      | Found Unewn's Distillery.
  3046 | D:3      | Bought a potion of curing for 33 gold pieces
  3046 | D:3      | Bought a potion of degeneration for 11 gold pieces
  3046 | D:3      | Bought a potion of heal wounds for 55 gold pieces
  3156 | D:3      | Reached XP level 5. HP: 41/41 MP: 11/11
  3252 | D:3      | Found an ancient bone altar of Kikubaaqudgha.
  3255 | D:3      | Noticed a human
  3257 | D:3      | Killed a human
  3767 | D:4      | Reached skill level 5 in Spellcasting
  3767 | D:4      | Reached XP level 6. HP: 31/47 MP: 14/14
  4325 | D:5      | Reached skill level 6 in Spellcasting
  4501 | D:5      | You fall into a shaft and drop 2 floors!
  4610 | D:8      | Noticed a hornet
  4651 | D:7      | Noticed an orc warrior
  4676 | D:6      | Reached XP level 7. HP: 40/52 MP: 16/16
  4788 | D:5      | Found a sparkling altar of Nemelex Xobeh.
  5022 | D:5      | Found a radiant altar of Vehumet.
  5031 | D:5      | Found a burning altar of Makhleb.
  5037 | D:5      | Reached skill level 7 in Spellcasting
  5630 | D:5      | Bought a scroll of identify for 24 gold pieces
  5630 | D:5      | Bought a scroll of identify for 24 gold pieces
  5630 | D:5      | Bought a scroll of enchant weapon for 90 gold pieces
  5698 | D:6      | Killed Maggie
  5699 | D:6      | Reached skill level 9 in Spellcasting
  5699 | D:6      | Reached XP level 8. HP: 29/58 MP: 19/21
  5863 | D:6      | Noticed Dowan
  6121 | D:6      | Noticed Blork the orc
  6449 | D:6      | Reached skill level 10 in Spellcasting
  6558 | D:5      | Bought a book of Minor Magic for 216 gold pieces
  6560 | D:5      | Learned a level 1 spell: Magic Dart
  6564 | D:5      | Learned a level 3 spell: Mephitic Cloud
  6702 | D:6      | Found a staircase to the Ecumenical Temple.
  6709 | Temple   | Entered the Ecumenical Temple
  6863 | D:5      | Became a worshipper of Vehumet
  6928 | D:6      | Noticed Duvessa
  6982 | D:5      | Killed Duvessa
  6983 | D:5      | Reached skill level 1 in Conjurations
  6983 | D:5      | Reached skill level 1 in Poison Magic
  6983 | D:5      | Reached XP level 9. HP: 35/64 MP: 23/23
  6987 | D:5      | You fall into a shaft and drop 2 floors!
  7107 | D:7      | Reached skill level 1 in Air Magic
  7364 | D:10     | Entered Level 10 of the Dungeon
  7454 | D:9      | Found Qergh's Book Shop.
  7724 | D:11     | Found Hiapilol's Assorted Antiques.
  7728 | D:11     | Bought a clear potion for 26 gold pieces
  7746 | D:10     | Noticed a two-headed ogre
  7756 | D:10     | Mangled by a two-headed ogre

Illustrated notes

Levels and vault maps discovered:
D:1:      spicycebolla_arrival_xxxplode, layout_loops_ring,
          supply_closet_lemuel, amethyst_killhole, nrook_campfire
D:2:      minmay_angry_zag, layout_basic, basic_altar,
          shapermc_ecumenical_altar_mp_vishouse, roderic_lattice_a,
          hangedman_decor_opposing, minmay_crystal_room
D:3:      layout_loops_corners, tgw_kikubaaqudgha, serial_shops,
          nicolae_shop_window_shopping
D:4:      layout_rooms, serial_glass, glass_columns_b, glass_columns_a,
          minmay_strange_pillars, minmay_strange_pillars, feat_on_display,
          minmay_misc_feat_room
D:5:      layout_layer_cave, grunt_temple_overflow_lords_of_destruction,
          lemuel_crystal_altar, serial_shops, shop,
          nicolae_shop_advertising_works [nicolae_subvault_shop_adworks],
          st_stairs_6, minmay_shop_grid_forest, hangedman_minor_gate_pass
D:6:      layout_basic, temple_green, columned_hall_lemuel, uniq_duvessa,
          uniq_maggie, uniq_blork_the_orc
D:7:      layout_basic, serial_shops, shop
D:8:      layout_layer_cave, mainiacjoe_overflow_catch_the_wave,
          grunt_ministairs_9, uniq_psyche
D:9:      layout_basic, serial_shops, shop, chequers_serial_rivers_marsh,
          minmay_misc_feat_square
D:10:     layout_roguey, mainiacjoe_overflow_cross_hatched, uniq_erica
D:11:     layout_basic, minmay_lair_entry_grove, serial_shops,
          nicolae_shop_back_alley_shop, shop, shop, nicolae_shop_hallway_stairs,
          nicolae_shop_fire_sale [nicolae_sub_dead_trees]
Temple:   regret_index_temple_waves

Skill      XL: |  1  2  3  4  5  6  7  8  9 |
---------------+----------------------------+-----
Spellcasting   | 1 2 3 4 5 6 9 10 | 10.2
Conjurations   | 1 2 |  2.5
Poison Magic   | 1 2 |  2.5
Air Magic      | 1 |  1.4
Fighting       | |  3.2
Maces & Flails | |  2.0
Dodging        | |  1.7
Stealth        | |  6.0

Action                     |  1- 3 |  4- 6 |  7- 9 || total
---------------------------+-------+-------+-------++-------
  Melee: Mace              |    57 |       |       ||    57
         Whip              |    22 |   111 |     1 ||   134
         Punch             |       |     1 |     4 ||     5
         Short sword       |       |    36 |    95 ||   131
         Long sword        |       |       |     8 ||     8
   Fire: Sling             |       |    96 |    24 ||   120
         Shortbow          |       |       |    43 ||    43
  Throw: Dart              |       |       |     1 ||     1
   Cast: Mephitic Cloud    |       |       |     5 ||     5
Ability: Shaft Self        |       |     2 |     1 ||     3
         Dig               |       |     1 |       ||     1
  Evoke: Wand              |       |       |     3 ||     3
    Use: Scroll            |     6 |       |     7 ||    13
         Potion            |       |     1 |     2 ||     3
   Stab: Sleeping          |    11 |     3 |       ||    14
         Paralysed         |       |       |     5 ||     5
         Confused          |       |       |     1 ||     1
 Armour: Leather armour    |     5 |       |       ||     5
         Ring mail         |    18 |    50 |    47 ||   115
  Dodge: Dodged            |    54 |    94 |    73 ||   221

Table legend: (Time is in decaauts)
 A = Elapsed time spent in this place.
 B = Non-inter-level travel time spent in this place.
 C = Inter-level travel time spent in this place.
 D = Time resting spent in this place.
 E = Time spent auto-exploring this place.
 F = Levels seen in this place.
 G = Mean time per level.
                   A        B        C        D        E       F      G
               +--------+--------+--------+--------+--------+-----+--------+
         Total |   7821 |   7344 |    477 |    889 |   3462 |  12 |  651.8 |
       Dungeon |   7694 |   7221 |    473 |    889 |   3351 |  11 |  699.5 |
        Temple |    126 |    122 |      4 |      0 |    111 |   1 |  126.0 |
               +--------+--------+--------+--------+--------+-----+--------+

Top non-repeatable levels by time:
     D:5: 1686 daAuts
     D:2: 1213 daAuts
     D:3: 1163 daAuts
     D:6: 1031 daAuts
     D:4: 846 daAuts
     D:1: 793 daAuts
     D:7: 431 daAuts
    D:10: 250 daAuts
     D:9: 181 daAuts
  Temple: 126 daAuts
     D:8: 63 daAuts
    D:11: 33 daAuts
